 Dungeon Crawl Stone Soup version 0.21.1-1-g345015f (webtiles) character file.

48 shakethe the Chopper (level 3, -4/31 HPs)
             Began as a Hill Orc Gladiator on Feb 26, 2018.
             Slain by Natasha (6 damage)
             ... on level 2 of the Dungeon.
             The game lasted 00:01:22 (940 turns).

shakethe the Chopper (Hill Orc Gladiator)            Turns: 940, Time: 00:01:23

Health: -4/31      AC:  4    Str: 16    XL:     3   Next: 72%
Magic:  3/3        EV: 12    Int:  9    God:
Gold:   84         SH:  0    Dex: 12    Spells: 2/2 levels left

rFire    . . .     SeeInvis .   a - +0 war axe
rCold    . . .     Gourm    .   (no shield)
rNeg     . . .     Faith    .   e - +0 leather armour (curse)
rPois    .         Spirit   .   c - +0 helmet
rElec    .         Reflect  .   (no cloak)
rCorr    .         Harm     .   (no gloves)
MR       .....                  (no boots)
Stlth    +.........             (no amulet)
HPRegen  0.10/turn              (no ring)
MPRegen  0.08/turn              (no ring)

@: slowed, very slow
A: no striking features
a: no special abilities


You were on level 2 of the Dungeon.
You were not hungry.

You visited 1 branch of the dungeon, and saw 2 of its levels.

You collected 84 gold pieces.

Inventory:

Hand Weapons
 a - a +0 war axe (weapon)
Missiles
 d - 4 throwing nets {=f, !d}
Armour
 b - a +0 leather armour
 c - a +0 helmet (worn)
 e - a cursed +0 leather armour (worn)
   (You found it on level 1 of the Dungeon)
 h - a +0 pair of gloves
   (You found it on level 1 of the Dungeon)
 i - a +0 pair of gloves
   (You found it on level 1 of the Dungeon)
Jewellery
 l - a +4 ring of strength {unknown}
   (You found it on level 2 of the Dungeon)
Scrolls
 j - 2 scrolls of identify {unknown}
 m - a scroll of blinking {unknown}
Potions
 g - 2 potions of curing {unknown}
 k - a potion of lignification {unknown}
Comestibles
 f - 3 rations


   Skills:
 + Level 3.2 Fighting
 * Level 5.3 Axes
 - Level 1.9 Throwing
 - Level 2.5 Dodging


You had 2 spell levels left.
You didn't know any spells.

Dungeon Overview and Level Annotations

Branches:
Dungeon (2/15)

Altars:

Annotations:
D:2 Natasha


Message History

The kobold throws a stone.
The stone misses you. The kobold hits you but does no damage.
You slash the kobold!
You kill the kobold!
No target in view!
No target in view!
No target in view!
No target in view!
You see here a stone.
l - a runed coral ring
There are no items here.
You see here a stone.
Things that are here:
a short sword; a stone A leopard gecko comes into view.
A leopard gecko is nearby!
The leopard gecko hisses angrily.
The leopard gecko barely misses you.
You miss the leopard gecko. The leopard gecko barely misses you.
The leopard gecko bites you.
You take 3 damage, and have 28/31 hp.
You closely miss the leopard gecko. The leopard gecko closely misses you.
A goblin comes into view.
You miss the leopard gecko.
The goblin shouts!
The leopard gecko barely misses you. The leopard gecko bites you.
You take 4 damage, and have 24/31 hp.
You hit the leopard gecko.
The leopard gecko completely misses you.
The leopard gecko bites you but does no damage.
You hit the leopard gecko.
You kill the leopard gecko!
You barely miss the goblin. The goblin barely misses you.
You closely miss the goblin. The goblin misses you.
You hit the goblin.
You kill the goblin!
No target in view!
No target in view!
No target in view!
No target in view!
d - 4 throwing nets {=f, !d} (gained 1)
There are no items here.
You see here a goblin corpse.
j - 2 scrolls labeled CUMYZE HAFUPE (gained 1)
A rat comes into view.
You regained 2 hp, and now have 27/31 hp.
You strike the helpless rat from behind!
You slash the rat!
You kill the rat!
No target in view!
No target in view!
No target in view!
No target in view!
No target in view!
No target in view!
No target in view!
No target in view!
No target in view!
You see here a rat corpse.
m - a scroll labeled ZOREUVV CUASM No target in view!
No target in view!
No target in view!
No target in view!
f - 3 rations (gained 1) Natasha, Servant of Life and Death comes into view.
Natasha hisses angrily.
You regained 2 hp, and now have 30/31 hp.
You closely miss Natasha. Natasha misses you.
You barely miss Natasha. Natasha casts a spell at you.
You resist with significant effort.
Health restored: 31 You slash Natasha!
Natasha misses you.
You barely miss Natasha. Natasha claws you. Natasha misses you.
You take 2 damage, and have 29/31 hp.
You hit Natasha but do no damage.
Natasha mewls in sadness.
Natasha claws you.
You take 6 damage, and have 23/31 hp.
You closely miss Natasha. Natasha claws you but does no damage.
You hit Natasha but do no damage. Natasha casts a spell at you.
The magic dart hits you! Natasha claws you but does no damage.
You take 8 damage, and have 15/31 hp.
MASSIVE DAMAGE!!
You hit Natasha.
Natasha stares at you and mumbles some strange words.
You feel yourself slow down.
You hit Natasha. Natasha casts a spell at you. The magic dart hits you!
* * * LOW HITPOINT WARNING * * *
Natasha closely misses you.
You take 7 damage, and have 8/31 hp.
MASSIVE DAMAGE!!
You closely miss Natasha. Natasha claws you!
* * * LOW HITPOINT WARNING * * *
Natasha claws you.
You die...

...(..).#...#.†.........#
....................###.#
#.#.###.....###.....#
#...................#
###.####.######.....# #.#
#.# #.....# #.# #.#
##...### #.# #.# #....#
.# #.# #.#@.# ....$..h.#
####..#..# #.##..# #.
#..# .. #..# #.# #..#
#...


You could see Natasha.

Vanquished Creatures
  An ooze (D:1)
  2 leopard geckos
  5 bats (D:1)
  A giant cockroach (D:1)
  6 goblins
  5 hobgoblins (D:1)
  3 jackals (D:1)
  3 frilled lizards (D:1)
  6 kobolds
  9 rats
41 creatures vanquished.

Notes
Turn   | Place    | Note
-------+----------+-------------------------------------------
     0 | D:1      | shakethe the Hill Orc Gladiator began the quest for the Orb.
     0 | D:1      | Reached XP level 1. HP: 18/18 MP: 1/1
   157 | D:1      | Reached XP level 2. HP: 24/25 MP: 2/2
   242 | D:1      | Reached skill level 3 in Fighting
   279 | D:1      | Reached XP level 3. HP: 31/31 MP: 3/3
   314 | D:1      | Reached skill level 5 in Axes
   928 | D:2      | Noticed Natasha
   940 | D:2      | HP: 2/31 [Natasha (7)]
   940 | D:2      | Slain by Natasha

Skill      XL: |  1  2  3 |
---------------+----------+-----
Fighting       | 3 |  3.2
Axes           | 5 |  5.3
Throwing       | |  1.9
Dodging        | |  2.5

Action                   || total
-------------------------++-------
Melee: War axe           ||   116
 Stab: Distracted        ||     1
Armor: Leather armour    ||    40
Dodge: Dodged            ||    80

Vault maps used:
D:1:      onia_arrival_mini_maze_b, minmay_nonomino_d4
D:2:      first_ration, uniq_natasha

Table legend:
 A = Turns spent in this place as a percentage of turns spent in the entire game.
 B = Non-inter-level travel turns spent in this place as a percentage of non-inter-level travel turns spent in the entire game.
 C = Inter-level travel turns spent in this place as a percentage of turns spent in this place.
 D = Turns resting spent in this place as a percentage of non-inter-level travel turns spent in this place.
 E = Turns spent auto-exploring this place as a percentage of non-inter-level travel turns spent in this place.
 F = Non-inter-level travel turns spent in this place divided by the number of levels of this place that you've seen.
                   A       B       C       D       E      F
               +-------+-------+-------+-------+-------+----------------------
         Total | 100.0 | 100.0 |   3.8 |   0.0 |  72.0 | 452.0
       Dungeon | 100.0 | 100.0 |   3.8 |   0.0 |  72.0 | 452.0
               +-------+-------+-------+-------+-------+----------------------

Table legend:
 A = Kills in this place as a percentage of kills in entire the game.
 B = Kills by you in this place as a percentage of kills by you in the entire game.
 C = Kills by friends in this place as a percentage of kills by friends in the entire game.
 D = Other kills in this place as a percentage of other kills in the entire game.
 E = Experience gained in this place as a percentage of experience gained in the entire game.
 F = Experience gained in this place divided by the number of levels of this place that you have seen.
                   A       B       C       D       E      F
               +-------+-------+-------+-------+-------+----------------------
         Total | 100.0 | 100.0 |   N/A |   N/A | 100.0 |  34.5
       Dungeon | 100.0 | 100.0 |   N/A |   N/A | 100.0 |  34.5
               +-------+-------+-------+-------+-------+----------------------
